 Dungeon Crawl Stone Soup version bcrawl-1.21.3 (webtiles) character file.

Game seed: 8031650878745520407

1578158 MisterOstroum the Slayer (level 27, 142/207 HPs)
             Began as a Kobold Archaeologist on Mar 27, 2020.
             Was an Elder of Trog.
             Escaped with the Orb
             ... and 3 runes on Mar 30, 2020!
             The game lasted 03:29:42 (75060 turns).

MisterOstroum the Slayer (Kobold Archaeologist)    Turns: 75060, Time: 03:29:43

Health: 142/207    AC: 31    Str: 23    XL:     27
Magic:  34/34      EV: 15    Int: 21    God:    Trog [****..]
Gold:   5404       SH: 23    Dex: 12    Spells: 26/26 levels left

rFire    + + +     SeeInvis .   b - +9 demon blade (elec)
rCold    + + +     Gourm    .   P - +2 shield of Resistance {rF+ rC+ MR+}
rNeg     . . .     Faith    .   r - +2 gold dragon scales
rPois    +         Spirit   .   d - +0 hat "Odyenn" {rCorr Str+3 Slay+5}
rElec    +         Reflect  .   f - +2 cloak {rPois}
rCorr    +         Harm     .   D - +2 pair of gloves
MR       +++..                  y - +2 pair of boots {run}
Stlth    ..........             i - amulet of the acrobat
HPRegen  0.44/turn              c - ring "Belire" {rElec rF+ Int+2}
MPRegen  0.24/turn              v - ring of protection from cold

@: lightly drained, quick
A: small, talons 1, carnivore, clever 1, clumsy 1, mutation resistance 1
0: Orb of Zot
}: 3/15 runes: barnacled, slimy, gossamer
a: Berserk, Trog's Hand, Brothers in Arms, Renounce Religion


You escaped.
You worshipped Trog.
Trog was greatly pleased with you.
You were not hungry.

You visited 11 branches of the dungeon, and saw 46 of its levels.
You visited the Abyss 1 time.
You visited 1 bazaar.

You collected 8435 gold pieces.
You spent 3031 gold pieces at shops.

Inventory:

Hand Weapons
 a - a +9 rapier of electrocution
 b - a +9 demon blade of electrocution (weapon)
Missiles
 u - 13 throwing nets (quivered) {!f!f}
 O - 114 tomahawks of dispersal
Armour
 d - the +0 hat "Odyenn" (worn) {rCorr Str+3 Slay+5}
   (You bought it in a shop in the Orcish Mines)

   It affects your strength (+3).
   It affects your accuracy and damage with ranged weapons and melee attacks
   (+5).
   It provides partial protection from all sources of acid and corrosion.
 f - a +2 cloak of poison resistance (worn)
 r - +2 gold dragon scales (worn)
 t - the +6 fire dragon scales of Xtahua {rF+++ rC- MR+}
   (You found it on level 1 of the Crypt)

   It renders you almost immune to fire.
   It makes you vulnerable to cold.
   It affects your resistance to hostile enchantments.
 y - a +2 pair of boots of running (worn)
 D - a +2 pair of gloves (worn)
 P - the +2 shield of Resistance (worn) {rF+ rC+ MR+}
   (You found it on level 3 of the Depths)

   It protects you from fire.
   It protects you from cold.
   It affects your resistance to hostile enchantments.
Jewellery
 c - the ring "Belire" (left hand) {rElec rF+ Int+2}
   (You acquired it on level 2 of the Crypt)

   [ring of protection from fire]

   It affects your intelligence (+2).
   It protects you from fire.
   It insulates you from electricity.
 i - an amulet of the acrobat (around neck)
 k - an uncursed amulet of guardian spirit
 v - a ring of protection from cold (right hand)
 T - an uncursed ring of positive energy
 Z - the ring "Ukhlu Set" {*Corrode rPois MP-9 Dex+8 SInv}
   (You found it on level 4 of the Realm of Zot)

   [ring of see invisible]

   It affects your dexterity (+8).
   It protects you from poison.
   It affects your magic capacity (-9).
   It lets you see invisible.
   It may corrode you when you take damage.
Wands
 w - a wand of paralysis (9)
 C - a wand of digging (50)
 F - a wand of enslavement (14)
 H - a wand of polymorph (17)
 M - a wand of iceblast (64)
 U - a wand of acid (14)
 V - a wand of disintegration (16)
Scrolls
 g - 2 scrolls of magic mapping {@r5 !r}
 l - 6 scrolls of blinking {@r4}
 n - 10 scrolls of teleportation {@r3 !r}
 x - 4 scrolls of fear {!r}
 A - 9 scrolls of immolation
 B - 7 scrolls of remove curse {@r2}
 E - 3 scrolls of silence
 J - a scroll of vulnerability
 R - 4 scrolls of fog {!r}
Potions
 h - 16 potions of curing {@q1 !q}
 j - 12 potions of mutation
 m - 7 potions of heal wounds {@q2 !q}
 o - 14 potions of lignification {@q6}
 p - 6 potions of haste {@q4 !q}
 s - 6 potions of might {@q3 !q}
 z - 6 potions of agility {@q5 !q}
 G - 6 potions of magic
 K - 2 potions of cancellation
 N - 3 potions of resistance
 Q - 8 potions of flight
Miscellaneous
 I - a lamp of fire
 L - a lightning rod (4/4)
 S - a phial of floods
 X - 3 phantom mirrors
 Y - 2 sacks of spiders
Comestibles
 e - 74 rations {!d}


   Skills:
 - Level 22.0(21.2) Fighting
 + Level 20.2(22.4) Short Blades
 + Level 16.4(18.1) Long Blades
   Level 0.8(0.4) Maces & Flails
 + Level 13.3(12.6) Armour
 - Level 21.1(20.3) Dodging
 - Level 21.8(21.0) Stealth
 - Level 21.0(20.2) Shields
 - Level 15.0(14.3) Evocations


You had 26 spell levels left.
You didn't know any spells.
Your spell library contained the following spells:

 Spells                   Type           Power        Failure   Level  Hunger
 Pain                     Necr           #.....       100%        1    ##.....
 Sting                    Conj/Pois      #...         100%        1    ##.....
 Summon Butterflies       Summ           #.......     100%        1    ##.....
 Passwall                 Tmut/Erth      #.......     100%        2    ###....
 Shackle                  Hex            #.......     100%        2    ###....
 Sticks to Snakes         Tmut           #.......     100%        2    ###....
 Ignite Poison            Fire/Tmut/Pois #.......     100%        3    ####...
 Mephitic Cloud           Conj/Pois/Air  #.......     100%        3    ####...
 Portal Projectile        Tloc           #.....       100%        3    ####...
 Regeneration             Chrm/Necr      #.........   100%        3    ####...
 Spider Form              Tmut/Pois      #..          100%        3    ####...
 Teleport Other           Tloc           #.......     100%        3    ####...
 Tukima's Dance           Hex            #.......     100%        3    ####...
 Animate Dead             Necr           N/A          100%        4    #####..
 Agony                    Necr           #.......     100%        5    ######.
 Blade Hands              Tmut           #.........   100%        5    ######.
 Bolt of Draining         Conj/Necr      #.........   100%        5    ######.
 Summon Demon             Summ           #.........   100%        5    ######.
 Borgnjor's Vile Clutch   Necr/Erth      #.........   100%        6    #######
 Infestation              Hex/Tmut/Pois  #........    100%        6    #######
 Spellforged Servitor     Conj/Summ      #.........   100%        7    #######


Dungeon Overview and Level Annotations

Branches:
Dungeon (12/12)            Temple (0/1) D:6            Lair (6/6) D:8
 Shoals (3/3) Lair:2       Spider (3/3) Lair:2        Slime (5/5) Lair:5
    Orc (1/1) D:11            Elf (2/3) Orc          Vaults (2/3) D:11
  Crypt (2/2) Vaults:2       Tomb (0/3) Crypt:2      Depths (5/5) D:12
    Zot (5/5) Depths:5

Altars:
Ashenzari
Dithmenos
Fedhas
Kikubaaqudgha
Lugonu
Makhleb
Qazlal
Trog
Vehumet
Wu Jian
Xom
Yredelemnul
Beogh
Jiyva

Shops:
D:7 [   D:11 (   Orc :(*[!   Elf:1 }=}   Vaults:1 !   Vaults:2 (

Portals:
Hell: Depths:1 Depths:2 Depths:3 Depths:4 Depths:5
Abyss: Depths:1 Depths:4 Depths:5
Pandemonium: Depths:3
Ziggurat: Depths:3

Annotations:
D:1 gg
Shoals:3 3 runed translucent doors, exclusion: 2 player ghosts, flt's ghost, adept GrAc; speilhur's ghost, adept SDSA
Elf:1 Roxanne
Elf:2 3 runed doors
Vaults:3 !NO
Zot:2 3 runed translucent doors, cunnyseurTrue's ghost, adept DrAc; cunnyseurTrue's ghost, adept MiRe


Innate Abilities, Weirdness & Mutations

You are small and have problems with some larger weapons.
You have sharp toenails.
You are carnivorous and can eat meat at any time.
You are somewhat resistant to further mutation.
Your mind is acute. (Int +2)
You are clumsy. (Dex -2)


Message History

The Orb Guardian is moderately wounded.
You slice the Orb Guardian!!
The Orb Guardian is severely wounded.
You block the Orb Guardian's attack.
You slice the Orb Guardian!!
You kill the Orb Guardian!
Trog accepts your kill.
No target in view!
No target in view!
You climb upwards.
There is a stone staircase leading down here.
(D) Dungeon (T) Temple (L) Lair (A) Shoals (N) Spider Nest (M) Slime Pits (O) Orcish Mines (E) Elven Halls (V) Vaults (C) Crypt (W) Tomb (U) Depths (H) Hell (Z) Zot
Where to? (* - list waypoints, Enter - D:1 @ (x,y), ? - help)
A Brimstone Fiend comes into view.
The Brimstone Fiend roars!
The Brimstone Fiend calls on the powers of darkness!
Your body is wracked with pain!
There is a stone staircase leading up here.
A red film seems to cover your vision as you go berserk!
You feel yourself moving faster!
You feel mighty!
You feel quite a bit more hungry.
You slash the Brimstone Fiend!
Lightning courses through the Brimstone Fiend!
The Brimstone Fiend is moderately wounded.
The Brimstone Fiend closely misses you. You block the Brimstone Fiend's attack.
The Brimstone Fiend barely misses you.
You slice the Brimstone Fiend!!
Lightning courses through the Brimstone Fiend!
The Brimstone Fiend is severely wounded.
You slice the Brimstone Fiend!!
Lightning courses through the Brimstone Fiend!
You kill the Brimstone Fiend!
Trog accepts your kill.
Unknown command.
Unknown command.
You feel a strong urge to attack something.
There is a stone staircase leading up here.
You climb upwards.
You feel your anger nearly subside.
There is a stone staircase leading down here.
(D) Dungeon (T) Temple (L) Lair (A) Shoals (N) Spider Nest (M) Slime Pits (O) Orcish Mines (E) Elven Halls (V) Vaults (C) Crypt (W) Tomb (U) Depths (H) Hell (Z) Zot
Where to? (* - list waypoints, Enter - D:1 @ (x,y), ? - help)
You are no longer berserk.
You are exhausted.
You feel yourself slow down.
No path to travel!
(D) Dungeon (T) Temple (L) Lair (A) Shoals (N) Spider Nest (M) Slime Pits (O) Orcish Mines (E) Elven Halls (V) Vaults (C) Crypt (W) Tomb (U) Depths (H) Hell (Z) Zot
Where to? (* - list waypoints, Enter - D:1 @ (x,y), ? - help)
There is an open door here.
There is a stone staircase leading up here.
Your extra speed is starting to run out.
You climb upwards.
There is a stone staircase leading down here.
You use a rune to identify the item.
You see here a +0 leather armour.
You feel yourself slow down.
There is a stone staircase leading up here.
You climb upwards.
There is a stone staircase leading down here.
You feel yourself speed up.
There is an escape hatch in the floor here.
You recover from your berserk rage.
There is a stone staircase leading up here.
You climb upwards.
There is a stone staircase leading down here.
An Orb Guardian comes into view.
Really quaff
p - 7 potions of haste {@q4 !q}?
You feel yourself speed up.
Evoke which item? (* to show all) (? for menu, Esc to quit)
Aiming: Dig
Press: ? - help, Shift-Dir - straight line A rock wall.
This square is covered in magical glow.
The rock shatters into small pieces.
There is a stone staircase leading up here.
You climb upwards.
There is a stone staircase leading down here.
(D) Dungeon (T) Temple (L) Lair (A) Shoals (N) Spider Nest (M) Slime Pits (O) Orcish Mines (E) Elven Halls (V) Vaults (C) Crypt (W) Tomb (U) Depths (H) Hell (Z) Zot
Where to? (* - list waypoints, Enter - D:1 @ (x,y), ? - help)
There is an open door here.
There is an open door here.
Your extra speed is starting to run out.
There is an open door here.
You feel yourself slow down.
There is an open door here.
There is a staircase leading out of the dungeon here.
New annotation for D:1 (include '!' for warning): gg You have escaped!

#..#..........)..................
#..#...#....#####'###............
#..#..##...##.......##...........
.......)..##.#######.##...#.....#
.........##.##...≈.##.##.....####
.....#...#.##.#####(##.#.....#
.....#...#.#.##...##.'.#.#...###
...#.##..#.#.#.#'#.#.#.#.##....##
...#.##..#.#.#≈#@#.#.#.#.........
...#.##..#.#.'.###.#.#.#.........
.........#.#.##...##.#.#.........
.........#.##.#####.##.#.........
#.##.##..##.##.....##.##.........
#..#.##...##.#######.##..........
##....#....##...≈...##...........
###........#########............
##...###......................


There were no monsters in sight!

Vanquished Creatures
  the Royal Jelly (Slime:5)
  3 orbs of fire (Zot:5)
  Xtahua (Crypt:1)
  7 ancient liches
  Bai Suzhen (Elf:2)
  9 golden dragons
  2 Killer Klowns
  Gastronok (Lair:3)
  2 Orb Demons
  3 bone dragons
  Jory (Crypt:2)
  A Brimstone Fiend (D:6)
  Nikola (Lair:2)
  3 electric golems
  7 tentacled monstrosities
  21 Orb Guardians
  A Hell Sentinel (Depths:1)
  5 liches
  2 titans
  3 quicksilver dragons
  Asterion (Depths:1)
  12 acid blobs
  A kraken (Shoals:2)
  A tentacled starspawn (Abyss:2)
  A sphinx (Depths:3)
  Agnes (Spider:1)
  10 death cobs
  8 shadow dragons
  12 storm dragons
  6 draconian knights
  2 tengu reavers
  A draconian monk (Zot:3)
  7 fire giants
  13 azure jellies
  2 deep elf sorcerers
  3 frost giants
  3 iron dragons
  An orc warlord (Orc)
  5 ghost moths
  3 draconian scorchers
  Aizul (Shoals:3)
  A vault warden (Vaults:1)
  A draconian stormcaller (Depths:5)
  3 draconian shifters (Zot:3)
  2 emperor scorpions
  4 entropy weavers
  31 stone giants
  A curse skull (Crypt:1)
  3 draconian annihilators
  16 very ugly things
  5 war gargoyles
  4 ironheart preservers
  8 green draconians
  6 vampire knights
  10 black draconians
  9 yellow draconians
  3 deep elf demonologists
  8 purple draconians
  9 ettins
  4 spark wasps
  8 white draconians
  6 red draconians
  5 merfolk javelineers
  A green death (Zot:2)
  10 fire dragons
  3 crystal guardians (Crypt:2)
  3 jiangshi
  6 death oozes (Slime:5)
  A quicksilver dragon zombie (Crypt:2)
  8 merfolk impalers
  A deep elf high priest (Elf:1)
  2 deep elf death magi
  6 yaktaur captains
  5 great orbs of eyes
  17 ice dragons
  2 quicksilver dragon skeletons (Crypt:2)
  3 merfolk avatars
  2 spriggan air magi
  4 vault guards
  11 rakshasas
  5 hydras
  2 alligator snapping turtles
  A catoblepas (Lair:6)
  Erica (Lair:1)
  8 centaur warriors
  5 ogre magi
  3 merfolk aquamancers (Shoals:3)
  16 two-headed ogres
  An anaconda (Lair:6)
  A death knight (Crypt:1)
  A satyr (Shoals:1)
  A deep troll shaman (Vaults:1)
  17 dancing weapons
  3 tengu warriors
  Urug (D:11)
  15 death yaks (Lair:6)
  6 hell hogs (Abyss:1)
  4 orc high priests (Orc)
  5 spriggan berserkers
  7 deep troll earth magi
  2 vampire magi
  A soul eater (Crypt:1)
  4 thrashing horrors (Abyss:2)
  12 deep elf knights
  18 deep trolls
  A sun demon (Abyss:2)
  4 wretched stars (Abyss:2)
  6 hell knights (Crypt:2)
  2 sixfirhies (Abyss:2)
  13 skeletal warriors
  6 sea snakes
  2 golden dragon zombies (Crypt:2)
  2 fire crabs (Lair:6)
  2 unseen horrors
  6 glowing orange brains
  12 deep elf archers
  3 starcursed masses (Abyss:2)
  5 wizards
  An unseen horror (shapeshifter) (Abyss:2)
  An infernal demonspawn (D:12)
  A swamp dragon (Zot:4)
  2 large abominations (Abyss:2)
  5 flayed ghosts
  11 harpies
  Pikel (D:7)
  2 anaconda skeletons (Crypt:2)
  2 lindwurms (Lair:6)
  5 orc knights
  2 wolf spider zombies
  An iron dragon zombie (Crypt:2)
  3 phantasmal warriors
  8 necromancers
  19 ugly things
  7 cyclopes
  10 orb spiders
  47 deep elf magi
  7 ironbrand convokers
  14 wolf spiders
  17 manticores
  10 fauns
  2 stone giant zombies (Crypt:2)
  2 shining eyes
  18 moths of wrath
  7 orc sorcerers
  An iron dragon skeleton (Crypt:2)
  2 fire giant zombies (Depths:1)
  4 elephants (Lair:5)
  A centaur zombie (D:12)
  7 water nymphs
  10 merfolk sirens
  3 black mambas
  5 vault sentinels (Vaults:2)
  A rust devil (Zot:3)
  Maurice (D:11)
  A naga mage (D:12)
  4 smoke demons
  An eye of devastation (Slime:3)
  2 rime drakes
  An orange demon (Abyss:2)
  10 cane toads
  4 komodo dragons
  8 torpor snails
  2 centaur skeletons (D:12)
  2 spriggan skeletons (Depths:1)
  20 yaktaurs
  2 dire elephant skeletons
  A rime drake (shapeshifter) (Depths:2)
  A freezing wraith (Crypt:1)
  14 demonic crawlers
  A spark wasp simulacrum (Depths:1)
  2 ancient zymes
  A tormentor (Depths:5)
  6 tengu conjurers
  A harpy zombie (Crypt:1)
  A red devil (Abyss:2)
  3 meliai (Spider:1)
  A queen ant zombie (Crypt:1)
  13 jumping spiders
  21 merfolk
  A polar bear (shapeshifter) (Vaults:2)
  12 polar bears
  A troll (Orc)
  4 tyrant leeches (Lair:6)
  4 wind drakes
  23 slime creatures
  A raiju (shapeshifter) (Depths:1)
  22 hornets
  7 raiju (Abyss:2)
  21 blink frogs
  A death drake skeleton (Crypt:1)
  A frost giant simulacrum (Vaults:2)
  2 hydra skeletons (Crypt:2)
  10 hippogriffs
  4 snapping turtles
  An ice dragon skeleton (Depths:1)
  30 flying skulls (Crypt:2)
  2 shadows
  Sigmund (D:3)
  70 redbacks
  5 wraiths
  34 yaks
  A spriggan (shapeshifter) (Vaults:2)
  10 water elementals
  5 spriggans
  20 tarantellas
  2 wyverns
  A ynoxinul (Abyss:1)
  2 fire elementals
  A golden eye (shapeshifter) (Depths:1)
  A basilisk (D:7)
  4 chaos spawn (Abyss:2)
  2 hungry ghosts (D:7)
  2 vampire mosquitoes (D:12)
  3 neqoxecs (Abyss:2)
  16 humans (D:11)
  A cane toad zombie (Crypt:1)
  A naga (Abyss:2)
  16 crocodiles
  7 wargs
  19 water moccasins
  6 porcupines
  2 small abominations (Abyss:2)
  15 hell hounds (Lair:6)
  A floating eye (shapeshifter) (D:12)
  A hornet zombie (D:8)
  2 sky beasts
  30 orc warriors
  2 eyes of draining
  12 black bears
  3 slaves (D:7)
  2 phantoms
  An ice beast (D:11)
  19 ogres
  2 necrophages (Crypt:2)
  25 wolves
  3 boggarts (Depths:3)
  A snapping turtle skeleton (Crypt:1)
  3 centaurs
  A manticore skeleton (Crypt:2)
  A big kobold (D:8)
  13 bullfrogs
  A rime drake skeleton (Crypt:1)
  An earth elemental (Elf:1)
  6 scorpions
  A queen bee zombie (Crypt:1)
  4 wights (D:9)
  2 howler monkeys
  5 electric eels
  3 crimson imps
  A quasit (D:5)
  18 orc priests
  A jelly (D:9)
  5 hounds
  20 orc wizards
  A bullfrog skeleton (D:8)
  Ijyb (D:3)
  An iguana (D:7)
  6 worker ants
  A killer bee zombie (D:7)
  A hound skeleton (D:3)
  11 gnolls
  4 adders
  A white imp (Abyss:2)
  2 ufetubi
  2 oozes (D:3)
  An adder skeleton (D:8)
  An iguana skeleton (Crypt:1)
  A worm (D:3)
  3 dart slugs
  2 leopard geckos (D:1)
  58 orcs
  2 giant cockroaches
  6 hobgoblins
  13 jackals
  2 quokkas
  A ball python skeleton (D:4)
  6 bats
  3 frilled lizards
  4 goblins
  A jackal skeleton (D:4)
  10 kobolds
  3 rats
  3 plants
  2 starspawn tentacles (Abyss:2)
  4 tentacles (Shoals:2)
1709 creatures vanquished.

Vanquished Creatures (collateral kills)
  A tentacled monstrosity (Depths:2)
  5 Orb Guardians (Zot:5)
  A storm dragon (Zot:3)
  A fire giant (Depths:4)
  A draconian knight (Zot:3)
  An iron dragon (Zot:3)
  A draconian shifter (Zot:5)
  A vault warden (Vaults:2)
  A draconian annihilator (Zot:3)
  A ghoul (Vaults:2)
  2 ironheart preservers
  A green draconian (Zot:5)
  A black draconian (Zot:3)
  A yellow draconian (Zot:3)
  A purple draconian (Zot:5)
  3 white draconians
  A red draconian (Zot:3)
  3 fire dragons
  A yaktaur captain (Vaults:2)
  An ice dragon (Zot:3)
  2 deep troll shamans (Vaults:2)
  4 deep trolls
  A deep elf archer (Vaults:2)
  4 yaktaurs
  A merfolk (Shoals:3)
  A jumping spider (Spider:1)
  A dream sheep (shapeshifter) (Depths:4)
  A redback (Spider:1)
  2 humans (D:11)
  A tarantella (Spider:1)
47 creatures vanquished.

Vanquished Creatures (others)
  2 frost giants
  A hell hog (Abyss:1)
  A shadow wraith (Vaults:2)
  A necromancer (D:11)
  7 moths of wrath (Zot:5)
  2 jumping spiders
  A blink frog (Lair:6)
  A tarantella (Spider:1)
  An ogre (Depths:2)
  A small abomination (Abyss:2)
  9 bushes (Lair:6)
  31 fungi
  99 plants
  11 tentacles (Shoals:2)
168 creatures vanquished.

Grand Total: 1924 creatures vanquished

Notes
Turn   | Place    | Note
-------+----------+-------------------------------------------
     0 | D:1      | MisterOstroum the Kobold Archaeologist began the quest for
                  | the Orb.
     0 | D:1      | Reached XP level 1. HP: 13/13 MP: 1/1
    70 | D:1      | Found a shimmering altar of Xom.
    85 | D:1      | Became a worshipper of Xom of Chaos
    87 | D:1      | Fell from the grace of Xom
   101 | D:1      | Became a worshipper of Xom the Tricky
   104 | D:1      | Fell from the grace of Xom
   171 | D:1      | Reached skill level 2 in Fighting
   239 | D:1      | Reached XP level 2. HP: 19/19 MP: 2/2
   593 | D:1      | Reached skill level 1 in Short Blades
   606 | D:1      | XOM: scenery: create altars
   822 | D:2      | Reached XP level 3. HP: 25/25 MP: 3/3
  1923 | D:2      | Found an ornate altar of the Wu Jian Council.
  2170 | D:3      | XOM: 2-stop teleportation journey
  2181 | D:3      | Reached XP level 4. HP: 21/30 MP: 4/4
  2297 | D:3      | Reached skill level 3 in Fighting
  2340 | D:3      | Reached skill level 1 in Evocations
  2349 | D:3      | Noticed Sigmund
  2793 | D:3      | Reached XP level 5. HP: 35/36 MP: 4/6
  2793 | D:3      | Identified a scroll of acquirement
  2880 | D:3      | Identified the ring "Juaghisi" {rF+ Int+5} (You acquired it
                  | on level 3 of the Dungeon)
  2947 | D:3      | Noticed Ijyb
  3131 | D:4      | Found a bloodstained altar of Trog.
  3133 | D:4      | Found a shattered altar of Ashenzari.
  3169 | D:4      | Became a worshipper of Trog the Wrathful
  3181 | D:4      | Noticed a bullfrog
  3193 | D:4      | Killed a bullfrog
  3193 | D:4      | Reached XP level 6. HP: 33/43 MP: 7/7
  3342 | D:4      | Reached skill level 5 in Short Blades
  3389 | D:4      | Reached skill level 4 in Fighting
  3582 | D:4      | Found a burning altar of Makhleb.
  3586 | D:4      | Got a fine falchion
  3653 | D:4      | XOM: summons 3 hostile shadow creatures
  3665 | D:4      | Reached XP level 7. HP: 45/49 MP: 7/9
  3708 | D:4      | Noticed a blizzard demon
  3712 | D:4      | Noticed a hellwing
  3712 | D:4      | Noticed an orange demon
  3862 | D:4      | XOM: divination: detect items
  3944 | D:5      | Entered Level 5 of the Dungeon
  4230 | D:5      | Reached * piety under Trog
  4553 | D:5      | Reached skill level 5 in Fighting
  4886 | D:6      | Reached XP level 8. HP: 56/56 MP: 10/10
  4993 | D:4      | Identified the +7 falchion of Moral Flaws {freeze, *Noise
                  | +Fly Dex+4} (You found it on level 4 of the Dungeon)
  5058 | D:6      | Found a stormy altar of Qazlal.
  5088 | D:6      | Found a shadowy altar of Dithmenos.
  5183 | D:6      | Found a bloodstained altar of Trog.
  5284 | D:6      | Reached skill level 6 in Fighting
  5400 | D:6      | XOM: god gift: wand of iceblast (21)
  5476 | D:6      | XOM: medium Air miscast
  5568 | D:6      | Found a staircase to the Ecumenical Temple.
  5900 | D:7      | Noticed a hippogriff
  5920 | D:7      | Killed a hippogriff
  5920 | D:7      | Reached skill level 5 in Stealth
  6126 | D:7      | Found Ato Xecy's Armour Boutique.
  6131 | D:7      | Reached skill level 7 in Fighting
  6131 | D:7      | Reached skill level 5 in Evocations
  6131 | D:7      | Reached XP level 9. HP: 64/64 MP: 10/12
  6150 | D:7      | Bought a +0 medium shield for 63 gold pieces
  6193 | D:7      | Reached skill level 1 in Shields
  6240 | D:7      | Reached skill level 1 in Armour
  6488 | D:7      | Reached ** piety under Trog
  6741 | D:7      | Noticed Pikel
  6757 | D:7      | Killed Pikel
  6761 | D:7      | XOM: polymorph freed slave -> basilisk
  6993 | D:7      | Reached skill level 8 in Fighting
  7136 | D:7      | Reached skill level 10 in Short Blades
  7347 | D:8      | Reached skill level 5 in Dodging
  7347 | D:8      | Reached XP level 10. HP: 72/72 MP: 8/13
  7618 | D:8      | XOM: give mutations
  7618 | D:8      | Gained mutation: Your mind is acute. (Int +2) [Xom's
                  | mischief]
  7618 | D:8      | Gained mutation: Your body sometimes deteriorates upon
                  | taking damage. [Xom's mischief]
  7618 | D:8      | Gained mutation: Your spells are a little easier to cast,
                  | but a little less powerful. [Xom's mischief]
  7618 | D:8      | Gained mutation: You are clumsy. (Dex -2) [Xom's mischief]
  7798 | D:8      | Reached skill level 9 in Fighting
  8043 | D:8      | Found a staircase to the Lair.
  8235 | Lair:1   | Entered Level 1 of the Lair of Beasts
  8344 | Lair:1   | Noticed a cane toad
  8350 | Lair:1   | Killed a cane toad
  8422 | Lair:1   | XOM: mild Hex miscast
  8649 | Lair:1   | Reached *** piety under Trog
  8830 | Lair:1   | Noticed Erica
  8839 | Lair:1   | Killed Erica
  8839 | Lair:1   | Reached XP level 11. HP: 81/81 MP: 14/14
  8913 | Lair:1   | Reached skill level 10 in Fighting
  9061 | Lair:1   | Reached skill level 5 in Shields
  9339 | Lair:2   | Found a staircase to the Shoals.
  9339 | Lair:2   | XOM: 1-stop teleportation journey
  9340 | Lair:2   | Noticed a manticore
  9360 | Lair:2   | XOM: medium Fire miscast
  9755 | Lair:2   | Reached skill level 5 in Armour
 10430 | Lair:2   | Found a hole to the Spider Nest.
 10430 | Lair:2   | Noticed an orb spider
 10442 | Lair:2   | Noticed a five-headed hydra
 10459 | Lair:2   | Killed a five-headed hydra
 11024 | Lair:3   | Found a blossoming altar of Fedhas.
 11050 | Lair:3   | Reached skill level 11 in Fighting
 11162 | Lair:3   | Lost mutation: Your body sometimes deteriorates upon taking
                  | damage. [potion of mutation]
 11162 | Lair:3   | Lost mutation: Your spells are a little easier to cast, but
                  | a little less powerful. [potion of mutation]
 11255 | Lair:3   | Noticed a four-headed hydra
 11260 | Lair:3   | Reached XP level 12. HP: 90/90 MP: 16/16
 11266 | Lair:3   | Killed a four-headed hydra
 11802 | Lair:3   | Noticed Gastronok
 11813 | Lair:3   | Killed Gastronok
 12424 | Lair:4   | Reached skill level 12 in Fighting
 12434 | Lair:4   | Reached **** piety under Trog
 12610 | Lair:4   | Reached XP level 13. HP: 91/97 MP: 15/18
 13035 | Lair:5   | Noticed a four-headed hydra
 13044 | Lair:5   | Killed a four-headed hydra
 13147 | Lair:5   | XOM: mild Summ miscast
 13480 | Lair:5   | Found a viscous altar of Jiyva.
 13480 | Lair:5   | Found a staircase to the Slime Pits.
 13813 | Lair:5   | XOM: noise
 14328 | D:9      | Reached skill level 10 in Dodging
 14427 | D:9      | XOM: noise
 14643 | D:9      | XOM: noise
 14648 | D:9      | Noticed a centaur warrior
 14660 | D:9      | Killed a centaur warrior
 14833 | D:9      | XOM: noise
 15080 | D:9      | XOM: cloud trail
 15366 | D:10     | Entered Level 10 of the Dungeon
 15368 | D:10     | Reached skill level 10 in Stealth
 15697 | D:10     | XOM: noise
 15697 | D:10     | Was forgiven by Xom
 15905 | D:10     | Reached ***** piety under Trog
 16889 | D:11     | Found a staircase to the Orcish Mines.
 16916 | D:11     | Reached XP level 14. HP: 103/103 MP: 21/21
 17051 | D:11     | Reached skill level 1 in Long Blades
 17119 | D:11     | Received a gift from Trog
 17200 | D:11     | Reached skill level 10 in Shields
 17280 | D:11     | Found a gate to the Vaults.
 17343 | D:11     | Found Pikof's Weapon Shoppe.
 17433 | D:11     | Noticed Urug
 17456 | D:11     | Killed Urug
 17522 | D:11     | Noticed Maurice
 17535 | D:11     | Killed Maurice
 17744 | D:11     | Reached skill level 10 in Evocations
 17824 | D:12     | Entered Level 12 of the Dungeon
 18400 | D:12     | Identified the Handbook of Supportive Poisoning
 19118 | D:12     | Received a gift from Trog
 19193 | D:12     | Found a staircase to the Depths.
 19214 | D:12     | Reached XP level 15. HP: 83/108 MP: 17/22
 19518 | Orc      | Entered the Orcish Mines
 19518 | Orc      | Found a roughly hewn altar of Beogh.
 19634 | Orc      | Found a roughly hewn altar of Beogh.
 19880 | Orc      | Found a staircase to the Elven Halls.
 20938 | Orc      | Reached skill level 5 in Long Blades
 21068 | Orc      | Noticed an orc warlord
 21114 | Orc      | Killed an orc warlord
 21519 | Orc      | Found Goibat's Distillery.
 21536 | Orc      | Received a gift from Trog
 21542 | Orc      | Bought a potion of curing for 45 gold pieces
 21542 | Orc      | Bought a potion of heal wounds for 75 gold pieces
 21542 | Orc      | Bought a potion of magic for 120 gold pieces
 21542 | Orc      | Bought 2 potions of haste for 300 gold pieces
 21542 | Orc      | Bought 2 potions of curing for 90 gold pieces
 21542 | Orc      | Bought a potion of mutation for 120 gold pieces
 21542 | Orc      | Bought a potion of haste for 150 gold pieces
 21542 | Orc      | Bought a potion of flight for 45 gold pieces
 21542 | Orc      | Bought a potion of curing for 45 gold pieces
 21542 | Orc      | Bought a potion of agility for 60 gold pieces
 21860 | Orc      | Found Bukk's General Store.
 21862 | Orc      | Found Lexzyuth's Book Shop.
 21863 | Orc      | Found Cuisojep's Antique Armour Boutique.
 21863 | Orc      | Found Sorghe Seimo's Antique Weapon Boutique.
 22235 | Shoals:1 | Entered Level 1 of the Shoals
 22748 | Shoals:1 | Reached skill level 13 in Fighting
 23272 | Shoals:1 | Received a gift from Trog
 23429 | Shoals:1 | Reached XP level 16. HP: 56/117 MP: 12/23
 23946 | Shoals:2 | Noticed a kraken
 24106 | Shoals:2 | Killed a kraken
 25701 | Spider:1 | Entered Level 1 of the Spider Nest
 25787 | Spider:1 | Noticed Agnes
 25853 | Spider:1 | Noticed Nikola
 25960 | Lair:2   | Killed Nikola
 25960 | Lair:2   | Reached skill level 14 in Fighting
 26013 | Spider:1 | Killed Agnes
 26928 | Vaults:1 | Entered Level 1 of the Vaults
 26965 | Vaults:1 | Found Giariv's Distillery.
 26973 | Vaults:1 | Bought a potion of curing for 51 gold pieces
 26973 | Vaults:1 | Bought a potion of might for 68 gold pieces
 26973 | Vaults:1 | Bought a potion of mutation for 136 gold pieces
 26973 | Vaults:1 | Bought a potion of might for 68 gold pieces
 26973 | Vaults:1 | Bought a potion of lignification for 51 gold pieces
 26973 | Vaults:1 | Bought a potion of curing for 51 gold pieces
 26973 | Vaults:1 | Bought a potion of heal wounds for 85 gold pieces
 27724 | Vaults:1 | Reached XP level 17. HP: 25/126 MP: 5/24
 28166 | Vaults:1 | Received a gift from Trog
 28590 | Vaults:1 | Reached skill level 15 in Fighting
 28590 | Vaults:1 | Reached skill level 10 in Armour
 29307 | Vaults:2 | Noticed an Ice Fiend
 30490 | Vaults:2 | Received a gift from Trog
 30499 | Vaults:2 | Reached skill level 15 in Dodging
 30984 | Vaults:2 | Found Pisaplar's Weapon Shoppe.
 31089 | Vaults:2 | Reached XP level 18. HP: 108/134 MP: 20/25
 32622 | Vaults:2 | Found a staircase to the Crypt.
 32924 | D:7      | Bought a +1 pair of boots of running for 511 gold pieces
 33047 | D:3      | Killed Sigmund
 33127 | D:3      | Killed Ijyb
 33422 | Orc      | Bought a distressingly furry hat for 297 gold pieces
 33432 | Orc      | Identified the +0 hat "Odyenn" {rCorr Str+3 Slay+5} (You
                  | bought it in a shop in the Orcish Mines)
 33541 | Elf:1    | Entered Level 1 of the Elven Halls
 33560 | Elf:1    | Found a radiant altar of Vehumet.
 33576 | Elf:1    | Received a gift from Trog
 33931 | Elf:1    | Reached skill level 15 in Stealth
 34103 | Elf:1    | Received a gift from Trog
 34111 | Elf:1    | Noticed Roxanne
 34305 | Elf:1    | Found Xamuo's Gadget Emporium.
 34337 | Elf:1    | Found Racapnem's Jewellery Boutique.
 34338 | Elf:1    | Found Iler's Gadget Emporium.
 34376 | Elf:1    | Reached skill level 10 in Long Blades
 35460 | Elf:2    | Got a jewelled broad axe
 35625 | Elf:2    | Received a gift from Trog
 35664 | Elf:2    | Reached XP level 19. HP: 121/139 MP: 22/26
 35795 | Elf:2    | Noticed Bai Suzhen
 35800 | Elf:2    | Killed Bai Suzhen
 35800 | Elf:2    | Reached skill level 15 in Shields
 35895 | Elf:2    | Found a runed gate.
 35895 | Elf:2    | Found a runed gate.
 35915 | Elf:2    | Found a runed gate.
 36276 | Elf:1    | Bought an uncursed ring of protection from cold for 375
                  | gold pieces
 38403 | Spider:2 | Received a gift from Trog
 38877 | Spider:3 | Entered Level 3 of the Spider Nest
 39069 | Spider:3 | Identified the Tome of Execration and Evil
 40573 | Spider:3 | Received a gift from Trog
 40910 | Spider:3 | Got a gossamer rune of Zot
 41365 | Lair:6   | Entered Level 6 of the Lair of Beasts
 41414 | Lair:6   | Reached XP level 20. HP: 120/145 MP: 22/28
 41641 | Lair:6   | Found a runed door.
 42456 | Lair:6   | Reached ****** piety under Trog
 43173 | Lair:6   | Received a gift from Trog
 44497 | Shoals:3 | Entered Level 3 of the Shoals
 44497 | Shoals:3 | Found a runed translucent gate.
 44497 | Shoals:3 | Found a runed translucent gate.
 44497 | Shoals:3 | Found a runed translucent gate.
 44575 | Shoals:3 | Noticed flt's ghost (adept GrAc)
 44576 | Shoals:3 | Noticed speilhur's ghost (adept SDSA)
 44939 | Shoals:3 | Received a gift from Trog
 45419 | Shoals:3 | Noticed Aizul
 45432 | Shoals:3 | Killed Aizul
 45966 | Shoals:3 | Got a barnacled rune of Zot
 46059 | Shoals:3 | Reached skill level 15 in Short Blades
 46520 | Spider:1 | Cast into level 1 of the Abyss (a distortion unwield)
 46736 | Abyss:1  | Reached XP level 21. HP: 98/152 MP: 20/30
 46941 | Abyss:2  | Identified the +5 short sword of the Tooth {flame, MR-
                  | Str+5} (Trog gifted it to you on level 2 of the Abyss)
 46941 | Abyss:2  | Received a gift from Trog
 47930 | Abyss:2  | Noticed a bone dragon
 48098 | Spider:1 | Escaped the Abyss
 48354 | Crypt:1  | Entered Level 1 of the Crypt
 48842 | Crypt:1  | Noticed Xtahua
 48847 | Crypt:1  | Killed Xtahua
 48848 | Crypt:1  | Found the +6 fire dragon scales of Xtahua {rF+++ rC- MR+}
 49101 | Crypt:1  | Identified the +8 scimitar of Usaidgha {drain, *Contam
                  | Dex+5}
 49702 | Crypt:2  | Entered Level 2 of the Crypt
 49904 | Vaults:2 | Received a gift from Trog
 50000 | Depths:1 | Entered Level 1 of the Depths
 50000 | Depths:1 | Noticed Asterion
 50003 | Depths:1 | Killed Asterion
 50170 | Depths:1 | Reached skill level 16 in Fighting
 50977 | Depths:1 | Found a gateway to Hell.
 50977 | Depths:1 | Found a one-way gate to the infinite horrors of the Abyss.
 51358 | Depths:1 | Reached XP level 22. HP: 106/160 MP: 16/33
 51766 | Depths:2 | Reached skill level 15 in Evocations
 52641 | Depths:2 | Received a gift from Trog
 52997 | Depths:2 | Reached skill level 17 in Fighting
 54852 | Depths:3 | Received a gift from Trog
 54874 | Depths:3 | Identified Sif Muna's Almanac of Orientation and Black
                  | Rites
 54902 | Depths:3 | Reached XP level 23. HP: 169/169 MP: 34/34
 55420 | Depths:3 | Found the +2 shield of Resistance {rF+ rC+ MR+}
 55448 | Depths:3 | Noticed a Killer Klown
 55461 | Depths:3 | Killed a Killer Klown
 56319 | Depths:3 | Found a one-way gate leading to the halls of Pandemonium.
 56338 | Depths:3 | Found a gateway to a ziggurat.
 57139 | Depths:4 | Received a gift from Trog
 58161 | Depths:4 | Reached skill level 18 in Fighting
 58323 | Depths:5 | Entered Level 5 of the Depths
 58339 | Depths:5 | Found a flickering gateway to a bazaar.
 58391 | Bazaar   | Entered a bazaar
 58406 | Bazaar   | Found Yriseprirumn's Jewellery Emporium.
 58406 | Bazaar   | Found Bunylyum's Gadget Shoppe.
 58427 | Bazaar   | Found Wuzaycai's Weapon Emporium.
 58442 | Bazaar   | Found Alostaho's Antique Armour Emporium.
 59018 | Depths:5 | Found a corrupted altar of Lugonu.
 59611 | Depths:5 | Reached XP level 24. HP: 158/178 MP: 31/34
 59813 | Depths:5 | Found a gate to the Realm of Zot.
 61197 | Depths:5 | Found a corrupted altar of Lugonu.
 61386 | Depths:5 | Found a gate to the Realm of Zot.
 62302 | Crypt:2  | Received a gift from Trog
 62548 | Crypt:2  | Found a basalt altar of Yredelemnul.
 62548 | Crypt:2  | Noticed an ancient lich
 62564 | Crypt:2  | Killed an ancient lich
 62637 | Crypt:2  | Identified the +5 demon trident of Evil {flame, Str+4}
 62844 | Crypt:2  | Found the +9 sword of Zonguldrok {reap}
 62865 | Crypt:2  | Identified the ring "Belire" {rElec rF+ Int+2} (You
                  | acquired it on level 2 of the Crypt)
 63128 | Crypt:2  | Noticed Jory
 63146 | Crypt:2  | Killed Jory
 63392 | Crypt:2  | Found a staircase to the Tomb.
 63942 | Slime:1  | Entered Level 1 of the Pits of Slime
 64049 | Slime:3  | Received a gift from Trog
 64134 | Slime:5  | Entered Level 5 of the Pits of Slime
 64227 | Slime:5  | Noticed the Royal Jelly
 64228 | Slime:5  | Found a viscous altar of Jiyva.
 64260 | Slime:5  | Killed the Royal Jelly
 64260 | Slime:5  | Reached XP level 25. HP: 167/184 MP: 21/34
 64488 | Slime:5  | Identified the +1 scale mail of Duty {rElec MR- Dex+2}
 64491 | Slime:5  | Identified the +5 scale mail of Rationality {rN++ Slay+3
                  | Stlth-}
 64510 | Slime:5  | Identified Gaakkali's Incunabulum of Mutagenic Evil
 64514 | Slime:5  | Identified the +1 ring mail of the Ward {rC+ Str+2 Int+4}
 64517 | Slime:5  | Got a slimy rune of Zot
 64546 | Slime:5  | Identified the cursed +0 long sword of Misery {protect,
                  | +Inv rN+}
 64561 | Slime:5  | Identified the cursed +1 trident "Pendulum" {pierce, rPois
                  | rN++ Int+3 Stlth+}
 65223 | Zot:1    | Entered Level 1 of the Realm of Zot
 65464 | Zot:1    | Identified the +6 chain mail of Eternal Vigilance {+Inv
                  | rF+++ Int-5 Stlth+}
 66115 | Zot:1    | Reached skill level 19 in Fighting
 66646 | Elf:1    | Bought an uncursed ring of see invisible for 225 gold
                  | pieces
 66950 | Zot:2    | Found a runed translucent gate.
 66952 | Zot:2    | Found an ancient bone altar of Kikubaaqudgha.
 67018 | Zot:2    | Noticed cunnyseurTrue's ghost (adept MiRe)
 67018 | Zot:2    | Noticed cunnyseurTrue's ghost (adept DrAc)
 67019 | Zot:2    | Found a runed translucent gate.
 67019 | Zot:2    | Found a runed translucent gate.
 67019 | Zot:2    | Noticed an ancient lich
 67021 | Zot:2    | Noticed an ancient lich
 67021 | Zot:2    | Noticed an ancient lich
 67167 | Zot:2    | Noticed a golden dragon
 67180 | Zot:2    | Killed a golden dragon
 67268 | Zot:2    | Noticed a golden dragon
 67276 | Zot:2    | Killed a golden dragon
 67563 | Zot:2    | Noticed a golden dragon
 67570 | Zot:2    | Killed a golden dragon
 67770 | Zot:3    | Received a gift from Trog
 67989 | Zot:3    | Reached skill level 20 in Fighting
 68255 | Zot:3    | Reached XP level 26. HP: 167/196 MP: 31/34
 68614 | Zot:3    | Noticed a golden dragon
 68627 | Zot:3    | Killed a golden dragon
 68908 | Zot:3    | Noticed a golden dragon
 69036 | Zot:3    | Killed a golden dragon
 69558 | Zot:3    | Reached skill level 21 in Fighting
 70793 | Zot:4    | Noticed a golden dragon
 70810 | Zot:4    | Killed a golden dragon
 71016 | Zot:4    | Received a gift from Trog
 71197 | Zot:4    | Noticed a golden dragon
 71284 | Zot:4    | Killed a golden dragon
 71429 | Zot:4    | Identified the ring "Ukhlu Set" {*Corrode rPois MP-9 Dex+8
                  | SInv}
 71689 | Zot:5    | Entered Level 5 of the Realm of Zot
 71762 | Zot:5    | Noticed a golden dragon
 71787 | Zot:5    | Killed a golden dragon
 72015 | Zot:5    | Reached skill level 22 in Fighting
 72079 | Zot:5    | Noticed an ancient lich
 72111 | Zot:5    | Killed an ancient lich
 72111 | Zot:5    | Reached XP level 27. HP: 207/207 MP: 25/34
 72231 | Zot:5    | Noticed an ancient lich
 72248 | Zot:5    | Killed an ancient lich
 72360 | Zot:5    | Noticed a Killer Klown
 72375 | Zot:5    | Killed a Killer Klown
 72747 | Zot:5    | Noticed an ancient lich
 72899 | Zot:5    | Noticed an orb of fire
 72933 | Zot:5    | Killed an orb of fire
 73072 | Zot:5    | Reached skill level 15 in Long Blades
 73349 | Zot:5    | Noticed an ancient lich
 73386 | Zot:5    | Killed an ancient lich
 73577 | Zot:5    | Noticed an ancient lich
 73603 | Zot:5    | Killed an ancient lich
 73603 | Zot:5    | Received a gift from Trog
 73738 | Zot:5    | Killed an ancient lich
 73960 | Zot:5    | Noticed a golden dragon
 73962 | Zot:5    | Noticed an ancient lich
 73984 | Zot:5    | Killed a golden dragon
 73999 | Zot:5    | Killed an ancient lich
 74124 | Zot:5    | Noticed an orb of fire
 74134 | Zot:5    | Killed an orb of fire
 74345 | Zot:5    | Noticed an orb of fire
 74355 | Zot:5    | Killed an orb of fire
 74398 | Zot:5    | Got the Orb of Zot
 74630 | Depths:5 | Noticed Teohuarph the pandemonium lord
 75060 | D:$      | Escaped with the Orb!

Skill      XL: |  1  2  3  4  5  6  7  8  9 10 11 12 13 14 15 16 17 18 19 20 21 22 23 24 25 26 27 |
---------------+----------------------------------------------------------------------------------+-----
Fighting       | 2 3 4 5 7 8 9 11 12 13 14 15 16 17 18 20 22 | 22.0
Short Blades   | 1 2 3 4 5 6 8 10 11 12 14 15 16 17 20 | 20.2
Evocations     | 1 2 3 5 7 9 10 11 12 14 15 | 15.0
Stealth        | 5 7 10 11 13 15 16 17 18 19 21 | 21.8
Shields        | 2 4 5 7 9 11 12 13 14 15 17 18 20 21 | 21.0
Armour         | 2 4 5 7 8 9 10 11 13 | 13.3
Dodging        | 5 6 7 8 10 12 13 14 15 16 17 18 19 20 21 | 21.1
Long Blades    | 4 5 7 11 12 13 14 16 | 16.4
Maces & Flails | |  0.8

Action                   |  1- 3 |  4- 6 |  7- 9 | 10-12 | 13-15 | 16-18 | 19-21 | 22-24 | 25-27 || total
-------------------------+-------+-------+-------+-------+-------+-------+-------+-------+-------++-------
Melee: Whip              |    27 |       |       |       |       |       |       |       |       ||    27
       Dagger            |   194 |    68 |       |       |       |       |       |       |       ||   262
       Rapier            |       |    67 |   240 |   436 |  1250 |   943 |  1447 |   688 |   399 ||  5470
       Scimitar          |       |       |       |       |     1 |   296 |   255 |       |       ||   552
       Demon blade       |       |       |       |       |       |   193 |   328 |   819 |   874 ||  2214
       Long sword        |       |       |       |       |       |       |       |    12 |       ||    12
Throw: Stone             |    63 |    19 |     4 |    23 |    21 |    37 |    86 |    52 |       ||   305
       Tomahawk          |       |       |       |       |       |       |       |     2 |    40 ||    42
Invok: Renounce Religion |     2 |       |       |       |       |       |       |       |       ||     2
       Berserk           |       |       |     4 |     8 |    21 |    30 |    24 |    27 |    27 ||   141
       Trog's Hand       |       |       |       |     1 |    10 |     7 |     8 |     8 |    13 ||    47
       Brothers in Arms  |       |       |       |       |       |     3 |       |     4 |     7 ||    14
Evoke: Wand              |       |     3 |       |     3 |    19 |    39 |    60 |    20 |    17 ||   161
       Phial of floods   |       |       |       |       |     1 |       |       |       |       ||     1
       Lamp of fire      |       |       |       |       |       |       |       |     2 |     1 ||     3
  Use: Scroll            |     1 |     6 |     6 |    10 |     7 |    12 |     7 |    14 |    24 ||    87
       Potion            |       |     1 |       |     1 |     4 |     3 |     2 |     6 |    19 ||    36
 Stab: Sleeping          |    12 |     1 |     5 |     8 |    18 |    20 |    49 |    40 |    22 ||   175
       Paralysed         |       |     2 |       |       |       |     1 |     8 |     1 |     4 ||    16
       Distracted        |       |     2 |       |       |     2 |     3 |     8 |     5 |     1 ||    21
       Betrayed ally     |       |       |       |       |       |       |     1 |       |       ||     1
  Eat: Chunk             |    13 |     5 |    24 |    26 |    58 |    69 |    74 |    56 |    48 ||   373
       Ration            |       |       |       |       |       |       |     1 |     3 |     9 ||    13
Armor: Robe              |    38 |    22 |    10 |       |       |       |       |       |       ||    70
       Leather armour    |       |       |    29 |    14 |       |    30 |   240 |    62 |       ||   375
       Ring mail         |       |       |       |    73 |   154 |   180 |       |       |       ||   407
       Plate armour      |       |       |       |       |       |     1 |     5 |       |       ||     6
       Ice dragon scales |       |       |       |       |       |     3 |       |       |       ||     3
       Fire dragon scale |       |       |       |       |       |       |       |    90 |   180 ||   270
       Gold dragon scale |       |       |       |       |       |       |       |       |    85 ||    85
Dodge: Dodged            |   145 |    74 |    93 |   159 |   409 |   595 |  1056 |   476 |   503 ||  3510
Block: Medium shield     |       |       |    35 |   158 |   450 |   792 |  1200 |   744 |   828 ||  4207
